 Dungeon Crawl Stone Soup version 0.20-a0-1058-g0491fde (console) character file.

4910 mobydollar the Slinger (level 10, -3/73 HPs)
             Began as a Halfling Hunter on Apr 25, 2017.
             Was an Initiate of Gozag.
             Killed from afar by a wretched star (32 damage)
             ... with an orb of energy
             ... on level 1 of the Abyss on Apr 26, 2017.
             The game lasted 00:19:28 (7649 turns).

mobydollar the Slinger (Halfling Hunter)            Turns: 7649, Time: 00:19:28

Health: -3/73      AC: 23    Str: 21    XL:     10   Next: 80%
Magic:  10/10      EV: 10    Int:  7    God:    Gozag
Gold:   1299       SH:  0    Dex: 12    Spells: 9/9 levels left

rFire    . . .     SeeInvis +   a - +2 hunting sling
rCold    . . .     Gourm    .   (shield restricted)
rNeg     . . .     Faith    .   P - +10 plate armour "Ajugh" {rPois Str+5}
rPois    +         Spirit   .   o - +1 helmet
rElec    .         Reflect  .   c - +0 cloak
rCorr    .         Harm     .   K - +0 pair of gloves
MR       .....                  (no boots)
Stlth    ..........             F - amulet of regeneration
Regen    0.7/turn               H - ring of see invisible
MPRegen  0.2/turn               B - +2 ring of intelligence

@: gold aura
A: [blurry vision 2], [clumsy 2], [deformed body], [deterioration 2], [dopey 2],
mutation resistance 1
a: Potion Petition, Call Merchant, Bribe Branch, Renounce Religion


You were on level 1 of the Abyss.
You worshipped Gozag.
Gozag was most pleased with you.
You were not hungry.

You visited 1 branch of the dungeon, and saw 8 of its levels.
You visited the Abyss 1 time.

You collected 1346 gold pieces.
You paid 47 gold pieces to Gozag.

Inventory:

Hand Weapons
 a - a +2 hunting sling (weapon)
 b - a +3 dagger
 f - a +1 hunting sling of flaming
 y - a +1 whip of freezing
 N - a +0 blowgun
Missiles
 d - 21 sling bullets (quivered)
 n - 44 stones
 R - 9 poisoned needles
Armour
 c - a +0 cloak (worn)
 o - a +1 helmet (worn)
 K - a +0 pair of gloves (worn)
 P - the +10 plate armour "Ajugh" (worn) {rPois Str+5}
   (You found it on level 9 of the Dungeon)

   It affects your strength (+5).
   It protects you from poison.
Jewellery
 w - an uncursed ring of wizardry
 B - a +2 ring of intelligence (right hand)
 F - an amulet of regeneration (around neck)
 H - a ring of see invisible (left hand)
 I - an uncursed ring of magical power
Wands
 E - a wand of polymorph (3/24)
Scrolls
 e - a scroll of amnesia {unknown}
 g - a scroll of teleportation {unknown}
 h - a scroll of identify
 q - 4 scrolls of remove curse
 r - a scroll of recharging {unknown}
 u - a scroll of magic mapping
 v - a scroll of fog {unknown}
 x - a scroll of immolation
 D - a scroll of random uselessness {unknown}
 G - a scroll of summoning
 M - a scroll of noise {unknown}
 O - a scroll of enchant armour {unknown}
Potions
 j - 3 potions of curing
 k - a potion of heal wounds
 l - 5 potions of brilliance
 m - 2 potions of might
 p - 4 potions of mutation
 s - a potion of degeneration {unknown}
 t - a potion of resistance
 z - 2 potions of lignification
 A - 2 potions of flight
 J - a potion of invisibility {unknown}
 L - a potion of berserk rage {unknown}
 Q - a potion of cancellation {unknown}
Books
 C - a book of Maledictions

   Spells                             Type                      Level
   a - Corona                         Hexes                        1
   b - Ensorcelled Hibernation        Hexes/Ice                    2
   c - Confuse                        Hexes                        3
   d - Tukima's Dance                 Hexes                        3
   e - Dazzling Spray                 Conjuration/Hexes            3
Comestibles
 i - 6 meat rations


   Skills:
 + Level 8.9 Fighting
 - Level 12.8 Slings
 * Level 8.2 Armour
 - Level 4.5 Dodging
 - Level 1.1 Stealth


You had 9 spell levels left.
You didn't know any spells.

Dungeon Overview and Level Annotations

Branches:
Dungeon (9/15)             Temple (0/1) D:5
   Lair: D:8-11         Orc: D:9-12

Altars:
Cheibriados
Dithmenos
Elyvilon
Fedhas
Gozag
Hepliaklqana
Makhleb
Wu Jian
The Shining One

Shops:
D:2 *

Annotations:
D:8 Psyche


Innate Abilities, Weirdness & Mutations

You are small and have problems with some larger weapons.
You are somewhat resistant to further mutation.
[Scrolls take you longer to read.]
[You are very clumsy. (Dex -4)]
[Armour fits poorly on your strangely shaped body.]
[Your body often deteriorates upon taking damage.]
[You are very dopey. (Int -4)]


Message History

Firing (i - inventory. (,) - cycle):
d - 24 sling bullets (quivered)
Press: ? - help, Shift-Dir - straight line, f/p - wretched star
Aim: a wretched star (almost destroyed)
You shoot a sling bullet.
The sling bullet barely misses the wretched star.
Firing (i - inventory. (,) - cycle):
d - 23 sling bullets (quivered)
Press: ? - help, Shift-Dir - straight line, f/p - wretched star
Aim: a wretched star (almost destroyed)
You shoot a sling bullet.
The sling bullet hits the wretched star but does no damage.
The wretched star is almost destroyed.
Firing (i - inventory. (,) - cycle):
d - 22 sling bullets (quivered)
Press: ? - help, Shift-Dir - straight line, f/p - wretched star
Aim: a wretched star (almost destroyed)
You shoot a sling bullet.
The sling bullet barely misses the wretched star.
The wretched star glows turbulently.
The orb of energy hits you!
You die...
Your body crumbles into a pile of gold.

.# # # # . #
## . # .# ..
. ## ... #
#.## # . . #.
#..# .# #
#...####(#..#
#(((*@# ..##.
.((.##.#..#
.. # ....#
.#..#.#..# #.
#.###..#.#.#
.. #. .#...#
..# .# #.#. #
... # ...# .
.#.. .. # ##
# .


You could see a wretched star.

Vanquished Creatures
  A quicksilver dragon skeleton (Abyss:1)
  Pikel (D:3)
  Joseph (D:8)
  A smoke demon (Abyss:1)
  Sigmund (D:3)
  A large abomination (Abyss:1)
  A basilisk (D:9)
  A steam dragon (D:9)
  A hungry ghost (D:9)
  2 porcupines (D:8)
  2 sky beasts (D:5)
  2 ice beasts
  A wolf (D:8)
  A centaur (D:5)
  2 phantoms (D:4)
  4 bullfrogs
  A water moccasin zombie (D:8)
  2 scorpions
  3 wights (D:9)
  2 bullfrog zombies
  A centaur skeleton (D:9)
  4 hounds
  An orc priest (D:5)
  5 orc wizards
  A bullfrog skeleton (D:9)
  An iguana (D:6)
  Jessica (D:2)
  2 worker ants (D:5)
  2 hound skeletons
  A howler monkey zombie (D:8)
  Robin (D:4)
  7 gnolls
  8 adders
  2 shadow imps (D:5)
  2 adder skeletons
  A worm (D:2)
  A dart slug (D:1)
  6 leopard geckos
  14 orcs
  2 giant cockroaches
  10 hobgoblins
  7 jackals
  4 quokkas
  2 ball pythons
  5 bats
  9 frilled lizards
  22 goblins
  6 kobolds
  A leopard gecko skeleton (D:5)
  14 rats
174 creatures vanquished.

Vanquished Creatures (collateral kills)
  A large abomination (Abyss:1)
1 creature vanquished.

Vanquished Creatures (others)
  An orc priest (D:4)
  An adder skeleton (D:4)
  2 orcs (D:4)
  A hobgoblin (D:3)
  3 fungi (D:8)
  A lurking horror (Abyss:1)
  6 plants (D:8)
15 creatures vanquished.

Grand Total: 190 creatures vanquished

Notes
Turn   | Place    | Note
-------+----------+-------------------------------------------
     0 | D:1      | mobydollar the Halfling Hunter began the quest for the Orb.
     0 | D:1      | Reached XP level 1. HP: 14/14 MP: 1/1
     1 | D:1      | Reached skill level 6 in Slings
    59 | D:1      | Reached XP level 2. HP: 19/19 MP: 2/2
   498 | D:1      | Reached XP level 3. HP: 18/25 MP: 3/3
  1079 | D:2      | Found Gozag's Platinum Reserve.
  1124 | D:2      | Noticed Jessica
  1129 | D:2      | Killed Jessica
  1129 | D:2      | Reached skill level 7 in Slings
  1129 | D:2      | Reached XP level 4. HP: 30/30 MP: 4/4
  1316 | D:2      | Reached XP level 5. HP: 14/36 MP: 5/5
  1737 | D:2      | Found an opulent altar of Gozag.
  1766 | D:2      | Became a worshipper of Gozag Ym Sagoz the Greedy
  1875 | D:2      | Reached skill level 8 in Slings
  1910 | D:3      | Found a blossoming altar of Fedhas.
  1950 | D:3      | Noticed Sigmund
  2061 | D:3      | Killed Sigmund
  2061 | D:3      | Reached skill level 9 in Slings
  2061 | D:3      | Reached XP level 6. HP: 33/42 MP: 6/6
  2711 | D:4      | Reached XP level 7. HP: 45/47 MP: 7/7
  2744 | D:4      | Noticed Pikel
  2813 | D:3      | Killed Pikel
  2813 | D:3      | Reached skill level 5 in Fighting
  2813 | D:3      | Reached skill level 10 in Slings
  2813 | D:3      | Reached XP level 8. HP: 16/55 MP: 8/8
  3157 | D:4      | Noticed Robin
  3193 | D:4      | Killed Robin
  3490 | D:4      | Reached skill level 11 in Slings
  3986 | D:5      | Entered Level 5 of the Dungeon
  4013 | D:5      | Upgraded the game from 0.20-a0-1050-g57248f3 to 0.20-a0-1058-g0491fde
  4258 | D:5      | Reached skill level 12 in Slings
  4311 | D:5      | Found a staircase to the Ecumenical Temple.
  4649 | D:5      | Reached XP level 9. HP: 59/63 MP: 9/9
  5031 | D:5      | Found a shadowy altar of Dithmenos.
  5630 | D:6      | Found a white marble altar of Elyvilon.
  5664 | D:6      | Found a hazy altar of Hepliaklqana.
  5759 | D:6      | Reached skill level 1 in Armour
  6104 | D:6      | You fall through a shaft for 3 floors!
  6112 | D:9      | Got a warped plate armour
  6113 | D:9      | Identified the +10 plate armour "Ajugh" {rPois Str+5} (You found it on level 9 of the Dungeon)
  6114 | D:9      | WOW!
  6130 | D:9      | Found an ornate altar of the Wu Jian Council.
  6231 | D:8      | Found a snail-covered altar of Cheibriados.
  6428 | D:8      | oh no
  6831 | D:9      | Found a glowing golden altar of the Shining One.
  6835 | D:9      | Reached XP level 10. HP: 72/72 MP: 10/10
  7298 | D:8      | Found a burning altar of Makhleb.
  7304 | D:8      | Noticed Joseph
  7314 | D:8      | Killed Joseph
  7314 | D:8      | Reached skill level 5 in Armour
  7403 | D:8      | Noticed Psyche
  7422 | D:8      | Cast into level 1 of the Abyss (Psyche)
  7469 | Abyss:1  | Noticed a large abomination
  7490 | Abyss:1  | Killed a large abomination
  7536 | Abyss:1  | Noticed a smoke demon
  7561 | Abyss:1  | Killed a smoke demon
  7629 | Abyss:1  | Noticed a wretched star
  7649 | Abyss:1  | Killed from afar by a wretched star

Vault maps used:
D:1:      dpeg_arrival_chambers_temple_mockup, minmay_misc_feat_enclosed,
          st_stairs_9, corexii_hall_statues_x
D:2:      nicolae_gozag_zags_fifth_avenue, uniq_jessica
D:3:      fedhas_altar_2, first_bread, uniq_sigmund
D:4:      enter_ossuary_2, uniq_pikel, uniq_robin
D:5:      kennysheep_mini, minmay_temple_entry_large_hall, feat_on_display
D:6:      lemuel_coloured_pillars_altar, lemuel_doored_altar,
          kennysheep_little_box, gammafunk_temple_overflow_wave
D:8:      bloody_makhleb, nicolae_overflow_hidden_temple,
          minmay_lair_entry_grove, serial_shops, shop_statue, uniq_joseph,
          uniq_psyche, uniq_grum
D:9:      overflow_temple_1_default, nicolae_overflow_crystal_walls

Skill      XL: |  1  2  3  4  5  6  7  8  9 10 |
---------------+-------------------------------+-----
Slings         | 6 7 9 10 12 | 12.8
Fighting       | 2 3 5 6 7 8 |  8.9
Armour         | 3 8 |  8.2
Dodging        | 4 |  4.5
Stealth        | |  1.1

Action                   |  1- 3 |  4- 6 |  7- 9 | 10-12 || total
-------------------------+-------+-------+-------+-------++-------
Melee: Dagger            |    10 |    11 |       |       ||    21
 Fire: Hunting sling     |    83 |   150 |   459 |   181 ||   873
Invok: Potion Petition   |       |     1 |       |       ||     1
  Use: Scroll            |       |     6 |     7 |     3 ||    16
       Potion            |       |       |       |     1 ||     1
  Eat: Chunk             |       |     1 |       |       ||     1
       Royal jelly       |       |     1 |       |       ||     1
       Bread ration      |       |     1 |     3 |       ||     4
Armor: Leather armour    |     2 |       |       |       ||     2
       Ring mail         |       |     4 |       |       ||     4
       Chain mail        |       |    28 |    72 |       ||   100
       Plate armour      |       |       |    36 |    52 ||    88
Dodge: Dodged            |    13 |    38 |    65 |    30 ||   146
